 Dungeon Crawl Stone Soup version 0.27.1-33-g824d729ab1 (webtiles) character file.

Game seed: 8667265567971084628

4415 erik8world the Cleaver (level 10, -4/91 HPs)
             Began as a Minotaur Chaos Knight on Dec 17, 2021.
             Was a Plaything of Xom.
             Killed from afar by a lindwurm (shapeshifter) (34 damage)
             ... with a blast of flame
             ... on level 8 of the Dungeon.
             The game lasted 00:26:44 (9232 turns).

erik8world the Cleaver (Minotaur Chaos Knight)      Turns: 9232, Time: 00:26:45

Health: -4/91      AC: 12    Str: 16      XL:     10   Next: 14%
Magic:  9/9        EV: 10    Int:  9      God:    Xom [*.....]
Gold:   429        SH:  0    Dex:  7 (8)  Spells: 9/9 levels left

rFire    x . .     SeeInvis .   w - +4 dire flail (freeze)
rCold    + + .     Faith    .   (shield currently unavailable)
rNeg     + . .     Spirit   .   z - +1 scale mail of the Heavens {rC+ rN+}
rPois    .         Reflect  .   (helmet restricted)
rElec    .         Harm     .   E - +0 cloak
rCorr    .         Rampage  .   (no gloves)
Will     .....                  I - +0 pair of boots
Stlth    ..........             (no amulet)
HPRegen  0.25/turn              r - ring of ice
MPRegen  0.11/turn              x - ring of flight

@: flying
A: horns 2, retaliatory headbutt, claws 1, clumsy 1, deterioration 1, weak 2,
evolution 1
a: Renounce Religion


You were on level 8 of the Dungeon.
You worshipped Xom.
You were a special plaything of Xom.
You visited 1 branch of the dungeon, and saw 8 of its levels.

You collected 429 gold pieces.

Inventory:

Hand Weapons
 a - a +0 hand axe of chaos
 d - a +0 hand axe of electrocution
 m - a +2 dagger of venom
 p - a +2 vampiric dagger
 u - a +2 dagger of chaos
 w - a +4 dire flail of freezing (weapon)
 y - a +2 long sword of freezing
Missiles
 G - 12 poisoned darts (quivered)
Armour
 b - a +2 leather armour
 e - a +0 ring mail
 v - a +2 leather armour of cold resistance
 z - the +1 scale mail of the Heavens (worn) {rC+ rN+}
   (You found it on level 4 of the Dungeon)

   rC:        It protects you from cold.
   rN:        It protects you from negative energy.
 E - a +0 cloak (worn)
 I - a +0 pair of boots (worn)
Jewellery
 l - a ring of protection from fire
 q - a ring of protection from fire
 r - a ring of ice (left claw)
 x - a ring of flight (right claw)
 A - a ring of willpower
 C - a ring of magical power
Wands
 B - a wand of paralysis (6)
Scrolls
 c - 3 scrolls of fog
 g - 7 scrolls of identify
 j - 2 scrolls of summoning {unknown}
 k - 7 scrolls of teleportation
 n - a scroll of immolation
 s - a scroll of amnesia {unknown}
 D - a scroll of brand weapon {unknown}
 F - a scroll of vulnerability {unknown}
Potions
 f - a potion of attraction
 h - a potion of brilliance
 i - a potion of ambrosia
 o - 3 potions of flight
 t - a potion of haste
 H - 2 potions of curing
 J - a potion of cancellation {unknown}


   Skills:
 * Level 9.0 Fighting
 * Level 11.3(11.8) Axes
 + Level 5.4(9.2) Maces & Flails
 * Level 8.8 Armour
 + Level 4.0 Dodging
 + Level 1.3 Stealth


You had 9 spell levels left.
You didn't know any spells.
Your spell library contained the following spells:

 Spells                   Type           Power      Damage    Failure   Level
 Animate Skeleton         Necr           0%         N/A       77%         1
 Apportation              Tloc           0%         N/A       77%         1
 Corona                   Hex            0%         N/A       77%         1
 Magic Dart               Conj           0%         1d3       77%         1
 Summon Small Mammal      Summ           0%         N/A       77%         1
 Call Imp                 Summ           0%         N/A       88%         2
 Ensorcelled Hibernation  Hex/Ice        0%         N/A       88%         2
 Gell's Gravitas          Tloc           0%         N/A       98%         3
 Lesser Beckoning         Tloc           0%         N/A       98%         3
 Mephitic Cloud           Conj/Pois/Air  0%         N/A       98%         3
 Teleport Other           Tloc           0%         N/A       98%         3
 Tukima's Dance           Hex            0%         N/A       98%         3


Dungeon Overview and Level Annotations

Branches:
Dungeon (8/15)             Temple (0/1) D:4
   Lair: D:8-11

Altars:
Ashenzari
Cheibriados
Elyvilon
Gozag
Makhleb
Ru
Sif Muna
Uskayaw
Xom
Zin
The Shining One

Shops:
D:6 :


Innate Abilities, Weirdness & Mutations

You have a pair of horns on your head.
You reflexively headbutt those who attack you in melee.
You have sharp fingernails.
You are clumsy. (Dex -2)
Your body sometimes deteriorates upon taking damage.
You are very weak. (Str -4)
You evolve.


Message History

The water moccasin is heavily wounded.
The water moccasin barely misses you.
You closely miss the water moccasin. You headbutt the water moccasin!
The water moccasin is almost dead.
The water moccasin barely misses you. You furiously retaliate!
You headbutt the water moccasin.
You kill the water moccasin!
You see here a water moccasin corpse. "You need some minor improvements, mortal!"
Your body is suffused with distortional energy.
You feel weaker.
HP restored.
Found 15 gold pieces.
You now have 429 gold pieces (gained 15).
An orc comes into view. It is wielding a +2 vampiric trident.
The orc shouts!
Found a stone staircase leading down.
You hear Xom's avuncular chuckle.
The orc changes into a shapeshifter!
The shapeshifter changes into a guardian serpent!
You closely miss the guardian serpent.
The guardian serpent hits you but does no damage.
You miss the guardian serpent. You headbutt the guardian serpent.
The guardian serpent is lightly wounded.
The guardian serpent changes into a lindwurm!
You hit the lindwurm. You freeze the lindwurm.
The lindwurm is lightly wounded.
You puncture the lindwurm! You freeze the lindwurm.
You headbutt the lindwurm, but do no damage.
The lindwurm is heavily wounded.
The lindwurm breathes flames at you. The blast of flame hits you!!!
The fire burns you terribly!
Xom thinks this is hilarious!
Ouch! That really hurt!
You hit the lindwurm. You freeze the lindwurm.
The lindwurm is severely wounded.
The lindwurm breathes flames at you. The blast of flame hits you!!
The fire burns you terribly!
You die...
Xom bursts into laughter!

#. ..###...## #
.#.####..o..# .>..
##....... ...
#....o... ....
+.....o.. ###...
#.....[.. #..
##....... #k#
##.....# #@#
##...##
#.############'##
#.#.........##.#
#.#.#######.##.###
#.#.# #.##.##.
#.#.##### #†#)..#.
#.......# #<).....
###.###.# #.#...#.
#.# #.###†##.##.


You could see a lindwurm shaped shifter (catching breath).

Vanquished Creatures
  A two-headed ogre (D:5)
  A jumping spider (D:8)
  Sigmund (D:5)
  A wyvern (D:8)
  Menkaure (D:6)
  4 water moccasins
  2 orc warriors
  An ice beast (D:6)
  A sky beast (D:7)
  4 black bears
  A necrophage (D:4)
  An ogre (D:5)
  2 centaurs
  A phantom (D:6)
  A kobold brigand (D:8)
  2 bullfrogs (D:8)
  4 scorpions
  A wyvern zombie (D:7)
  A water moccasin skeleton (D:3)
  8 wights
  A centaur zombie (D:5)
  3 hounds
  2 jellies
  A bullfrog zombie (D:7)
  3 iguanas
  5 orc wizards
  A hound skeleton (D:4)
  Robin (D:3)
  11 adders
  A gnoll (D:4)
  A white imp (D:7)
  An ufetubus (D:5)
  2 adder skeletons (D:4)
  An adder zombie (D:3)
  5 worms
  4 dart slugs
  20 orcs
  4 ball pythons
  8 endoplasms
  6 giant cockroaches
  17 goblins
  6 hobgoblins
  5 jackals (D:3)
  A quokka (D:1)
  9 bats
  5 frilled lizards
  9 kobolds
  3 rats
175 creatures vanquished.

Vanquished Creatures (collateral kills)
  A worm (D:4)
1 creature vanquished.

Vanquished Creatures (others)
  A quokka (D:4)
  57 fungi (D:8)
  36 plants (D:8)
94 creatures vanquished.

Grand Total: 270 creatures vanquished

Notes
Turn   | Place    | Note
-------+----------+-------------------------------------------
     0 | D:1      | erik8world the Minotaur Chaos Knight began the quest for
                  | the Orb.
     0 | D:1      | Reached XP level 1. HP: 19/19 MP: 0/0
     2 | D:1      | Noticed a palentonga
     2 | D:1      | Noticed a djinni
     4 | D:1      | Noticed a draconian
     4 | D:1      | Noticed a naga
     6 | D:1      | Noticed a demonspawn
     6 | D:1      | Noticed a merfolk
     8 | D:1      | Noticed a dwarf
     8 | D:1      | Noticed a vine stalker
    10 | D:1      | Noticed a ghoul
    10 | D:1      | Noticed a formicid
    12 | D:1      | Noticed a barachi
    12 | D:1      | Noticed a vampire
    14 | D:1      | Noticed a human
    14 | D:1      | Noticed a demigod
    16 | D:1      | Noticed an ogre
    16 | D:1      | Noticed a gargoyle
    18 | D:1      | Noticed a minotaur
    18 | D:1      | Noticed a troll
    20 | D:1      | Noticed a tengu
    20 | D:1      | Noticed a spriggan
    22 | D:1      | Noticed an elf
    24 | D:1      | Noticed a felid
    26 | D:1      | Noticed an octopode
   193 | D:1      | XOM: divination: detect items
   211 | D:1      | Reached XP level 2. HP: 27/27 MP: 1/1
   217 | D:1      | XOM: divination: magic mapping
   242 | D:1      | Reached skill level 4 in Axes
   297 | D:1      | XOM: silly message
   627 | D:1      | XOM: noise
   791 | D:2      | XOM: noise
   805 | D:2      | Reached XP level 3. HP: 34/34 MP: 2/2
  1387 | D:2      | Reached XP level 4. HP: 41/41 MP: 3/3
  1433 | D:2      | XOM is BORED!
  1433 | D:2      | XOM: polymorph rat -> giant cockroach
  1553 | D:2      | XOM: silly message
  1604 | D:2      | XOM: 1-stop teleportation journey
  1871 | D:2      | Found a faded altar of an unknown god.
  1952 | D:2      | XOM: scenery: 1 doors close
  1973 | D:2      | Found a glowing silver altar of Zin.
  2168 | D:3      | XOM is BORED!
  2283 | D:3      | Reached skill level 5 in Fighting
  2283 | D:3      | Reached skill level 5 in Axes
  2283 | D:3      | Reached XP level 5. HP: 43/48 MP: 4/4
  2398 | D:3      | Noticed Robin
  2413 | D:3      | XOM: chaos upgrade
  2447 | D:3      | Killed Robin
  2677 | D:3      | Reached skill level 6 in Axes
  2863 | D:3      | XOM: scenery: 1 doors open
  2934 | D:3      | XOM: scenery: summon butterflies
  2960 | D:4      | Found a shimmering altar of Xom.
  2998 | D:4      | Reached XP level 6. HP: 47/56 MP: 5/5
  3063 | D:4      | Found a white marble altar of Elyvilon.
  3077 | D:4      | XOM: divination: detect items
  3491 | D:4      | Reached skill level 7 in Axes
  3491 | D:4      | Reached XP level 7. HP: 53/62 MP: 6/6
  3553 | D:4      | Found a staircase to the Ecumenical Temple.
  3741 | D:4      | XOM: summons friendly ufetubus
  3830 | D:4      | Identified the +1 scale mail of the Heavens {rC+ rN+}
  4029 | D:4      | XOM: divination: detect creatures
  4189 | D:4      | Reached skill level 8 in Axes
  4190 | D:4      | XOM: divination: detect creatures
  4192 | D:4      | Reached skill level 5 in Armour
  4380 | D:5      | Entered Level 5 of the Dungeon
  4408 | D:5      | Found a sacrificial altar of Ru.
  4408 | D:5      | Found a shimmering blue altar of Sif Muna.
  4462 | D:5      | Reached XP level 8. HP: 69/71 MP: 7/7
  4803 | D:5      | Reached skill level 9 in Axes
  4832 | D:5      | XOM: give mutations
  4832 | D:5      | Gained mutation: You evolve. [Xom's mischief]
  4832 | D:5      | Gained mutation: You are weak. (Str -2) [Xom's mischief]
  4832 | D:5      | Gained mutation: Your body sometimes deteriorates upon
                  | taking damage. [Xom's mischief]
  4832 | D:5      | Gained mutation: You are clumsy. (Dex -2) [Xom's mischief]
  4844 | D:5      | XOM: draining
  4900 | D:5      | Found a hide-covered altar of Uskayaw.
  4934 | D:5      | Noticed a two-headed ogre
  4934 | D:5      | XOM: confusion
  4950 | D:5      | XOM: summons friendly crimson imp
  5089 | D:5      | XOM: chaos cloud
  5095 | D:5      | XOM: noise
  5101 | D:5      | Killed a two-headed ogre
  5102 | D:5      | Reached skill level 10 in Axes
  5295 | D:5      | XOM: summons 5 hostile demons
  5336 | D:5      | Found a glowing golden altar of the Shining One.
  5482 | D:5      | Noticed Sigmund
  5490 | D:5      | XOM: enchant monster (good)
  5547 | D:5      | Killed Sigmund
  5548 | D:5      | Reached XP level 9. HP: 74/80 MP: 8/8
  5893 | D:6      | Noticed Menkaure
  5901 | D:6      | Killed Menkaure
  5901 | D:6      | XOM: silly message
  6115 | D:6      | Found an opulent altar of Gozag.
  6115 | D:6      | XOM: 1-stop teleportation journey
  6199 | D:6      | Reached skill level 11 in Axes
  6440 | D:6      | XOM: summons 4 hostile demons
  6465 | D:6      | Reached skill level 1 in Maces & Flails
  6465 | D:6      | Found Awnoar's Book Shoppe.
  6732 | D:6      | XOM: noise
  6737 | D:6      | Reached skill level 1 in Stealth
  7045 | D:7      | Found a broken altar of Ashenzari.
  7068 | D:7      | XOM: summons 4 hostile shadow creatures
  7109 | D:7      | XOM: repel stairs
  7264 | D:7      | Found a flagged portal.
  7300 | D:7      | Found a burning altar of Makhleb.
  7367 | D:7      | Gained mutation: You have sharp fingernails. [evolution]
  7704 | D:7      | XOM: draining
  7794 | D:7      | Found a snail-covered altar of Cheibriados.
  8102 | D:8      | XOM: polymorph steam dragon -> wyvern
  8162 | D:7      | XOM: stat loss: -1 Int (8/9)
  8747 | D:8      | Reached skill level 5 in Maces & Flails
  8766 | D:8      | Noticed a jumping spider
  8766 | D:8      | a black bear changed into a jumping spider
  8766 | D:8      | XOM: polymorph black bear -> jumping spider
  8782 | D:7      | Reached XP level 10. HP: 31/90 MP: 9/9
  9130 | D:8      | XOM: give mutation
  9130 | D:8      | Gained mutation: You are very weak. (Str -4) [Xom's
                  | mischief]
  9227 | D:8      | XOM: polymorph orc -> shapeshifter
  9227 | D:8      | Noticed a guardian serpent
  9227 | D:8      | a shapeshifter changed into a guardian serpent
  9229 | D:8      | Noticed a lindwurm
  9229 | D:8      | a guardian serpent changed into a lindwurm
  9232 | D:8      | Killed from afar by a lindwurm (shapeshifter)

Illustrated notes

Levels and vault maps discovered:
D:1:      kb_arrival_jail, layout_loops_ring, chequers_serial_rivers_micro_c,
          minmay_three_crescents
D:2:      layout_loops_corners, basic_altar,
          shapermc_ecumenical_altar_mp_vishouse, st_stairs_8, minmay_cut_off
D:3:      minmay_wonky_spiral, layout_rooms, minmay_misc_feat_secret_circle,
          uniq_robin
D:4:      minmay_clustersquares, layout_basic, xom_teletrap_fun,
          elyvilon_altar_4, temple_green, serial_curves, eino_curves_03,
          eino_curves_03
D:5:      layout_cave_pods, nicolae_uskayaw_dance_hall,
          nicolae_tso_carved_into_rock, mainiacjoe_overflow_large_starburst,
          uniq_sigmund
D:6:      layout_loops_ring, nicolae_gozag_cash_rules_everything_around_me,
          serial_shops, nicolae_shop_statue_plus, uniq_menkaure
D:7:      layout_basic, mainiacjoe_overflow_alcove_1,
          nicolae_overflow_crystal_walls, evilmike_ruin_ashenzari,
          enter_bailey_1, nicolae_ossuary_entry_plus
D:8:      layout_loops_corners, nicolae_vehumet_altar_sigil,
          due_lair_maze_entry_diamond, serial_shops, nicolae_shop_crystal,
          uniq_maurice

Skill      XL: |  1  2  3  4  5  6  7  8  9 10 |
---------------+-------------------------------+-----
Fighting       | 4 5 6 7 8 9 |  9.0
Axes           | 4 5 6 7 8 10 11 | 11.3
Armour         | 3 4 5 6 8 |  8.8
Dodging        | 2 3 4 |  4.0
Maces & Flails | 5 |  5.4
Stealth        | 1 |  1.3

Action                   |  1- 3 |  4- 6 |  7- 9 | 10-12 || total
-------------------------+-------+-------+-------+-------++-------
Melee: Hand axe          |    70 |   125 |   120 |       ||   315
       Headbutt          |     9 |    17 |    38 |     3 ||    67
       Dire flail        |       |       |   156 |    23 ||   179
  Use: Potion            |       |       |     8 |       ||     8
       Scroll            |       |       |     5 |       ||     5
Armor: Leather armour    |    33 |    44 |     2 |       ||    79
       Scale mail        |       |       |   166 |    14 ||   180
Dodge: Dodged            |    43 |    63 |   154 |     8 ||   268
